Map: Acid Plant LE

Players

Bioice - Winner!

  • Race: Zerg Zerg
  • Spawn Location: 11:00

Beez

  • Race: Zerg Zerg
  • Spawn Location: 5:00

Event: WCS Montreal 2018

VOD

Have the link to the VOD?

Description

Time

  • Played on: Sept. 7, 2018, 12:18 p.m.
  • Length: 5:09

All games in this series

Show
View Real Time Build Order
Export as new Build Order

Bioice Zerg - Winner!

Build Orders: Hatch First, Zergling Baneling 

Get SALT Encoding   

  12  0:01  Drone  
  13  0:12  Overlord  
  13  0:16  Drone  
  14  0:31  Drone  
  14  0:32  Drone  
  16  0:48  Hatchery  
  15  0:52  Drone  
  15  0:56  Drone  
  17  1:00  Drone  
  18  1:07  Extractor  
  17  1:16  Spawning Pool  
  16  1:18  Drone  
  16  1:23  Drone  
  18  1:31  Drone  
  19  1:40  Drone  
  20  1:50  Overlord  
  20  2:03  Queen x2  
  20  2:04  Zergling x4  
  20  2:08  Metabolic Boost  
  26  2:13  Drone x2  
  28  2:22  Drone  
  29  2:24  Drone  
  30  2:37  Hatchery  
  29  2:49  Drone x2  
  29  2:52  Baneling Nest  
  29  2:54  Overlord  
  28  2:59  Queen  
  28  3:02  Zergling x2  
  31  3:07  Overlord  
  31  3:09  Drone  
  31  3:12  Drone  
  33  3:16  Drone  
  33  3:17  Drone  
  33  3:19  Drone  
  36  3:26  Zergling x4  
  39  3:27  Zergling x2  
  39  3:29  Zergling x2  
  40  3:37  Drone  
  40  3:38  Baneling x2  
  40  3:39  Baneling  
  41  3:43  Zergling x4  
  41  3:44  Zergling x4  
  41  3:47  Zergling x4  
  47  3:58  Zergling x4  
  47  3:59  Zergling x8  
  53  4:09  Zergling x4  
  53  4:11  Baneling x3  
  53  4:12  Baneling  
  53  4:15  Zergling x4  
  55  4:20  Zergling x2  
  55  4:21  Zergling x2  
  57  4:28  Zergling x2  
  57  4:29  Zergling x2  
  56  4:36  Overlord x2  
  56  4:38  Drone x2  
  57  4:40  Roach Warren  
  57  4:42  Drone  
  57  4:45  Baneling x2  
  57  4:52  Drone x3  
  57  4:53  Drone  
Show
View Real Time Build Order
Export as new Build Order

Beez Zerg 

Build Orders: Hatch First 

Get SALT Encoding   

  12  0:00  Drone  
  13  0:12  Overlord  
  13  0:19  Drone  
  14  0:31  Drone x2  
  14  0:35  Drone  
  17  0:52  Hatchery  
  17  0:56  Drone  
  17  1:00  Drone  
  18  1:10  Extractor  
  17  1:15  Spawning Pool  
  17  1:17  Drone  
  17  1:21  Drone  
  18  1:31  Drone  
  19  1:40  Overlord  
  19  1:50  Drone  
  20  2:02  Zergling x2, Queen  
  20  2:05  Zergling x2, Queen  
  26  2:11  Metabolic Boost  
  26  2:23  Drone x3  
  29  2:40  Overlord  
  29  2:41  Hatchery  
  28  2:50  Zergling x4  
  28  2:59  Drone x2  
  28  3:04  Baneling Nest  
  29  3:09  Drone x3  
  32  3:19  Zergling x4  
  35  3:20  Zergling x4  
  35  3:26  Overlord x2  
  36  3:29  Zergling x4  
  38  3:37  Zergling x4  
  40  3:52  Queen  
  42  3:58  Zergling x2  
  42  3:59  Zergling x16  
  45  4:12  Baneling x2  
  45  4:14  Zergling x6  
  48  4:22  Zergling x12  
  51  4:30  Zergling x6  
Tags
 
Add a new tag
Caveats
  • Supply blocks, unpowered buildings, or Contaminate may cause inaccurate times.
  • Supply counts are checked every 10 seconds.